AoeStats
← 598477779

Black Forest

510859247Analyzed
4v4 RM · 19h ago on Oct 2, 2026· 44m 1s· 8 players
Game mode
Random Map
Map size
Large (8 player)
Population
200
Speed
Normal
Resources
Standard
Victory
Conquest
Starting age
Dark Age
Ending age
Imperial Age
RankedLock teamsTeams togetherTeam positionsShared explorationLock speedFull tech treeHidden civsTurbo modeCheats
Victory
Defeat
🇨🇳 Bulgarians · China
1045
+44
🇦🇷 Bohemians · Argentina
1000
+17
🇲🇽 Mongols · Mexico
999
+17
🇧🇷 Aztecs · Brazil
973
+18
🇹🇷 Turks · Türkiye
1114
-21
🇩🇪 Shu · Germany
1051
-19
🇹🇷 Franks · Türkiye
948
-14
🇹🇷 Teutons · Türkiye
938
-13
Çalooo
0:32 Loom
11:57 Feudal Age
17:50 Castle Age
16:36 Double-Bit Axe
16:42 Horse Collar
17:52 Wheelbarrow
23:07 Heavy Plow
25:34 Bow Saw
29:26 Imperial Age
28:56 Forging
28:48 Scale Mail Armor
29:16 Scale Barding Armor
30:53 Iron Casting
30:34 Chain Mail Armor
31:10 Bloodlines
30:20 Cavalier
34:01 Caravan
34:34 Chain Barding Armor
36:10 Blast Furnace
36:41 Paladin
39:15 Plate Mail Armor
39:32 Plate Barding Armor
41:43 Chemistry
41:12 Padded Archer Armor
41:03 Fletching
40:40 Elite Skirmisher
treckerbecker
0:33 Loom
1:11 Loom
11:27 Feudal Age
13:14 Double-Bit Axe
14:13 Horse Collar
19:25 Castle Age
18:21 Fletching
31:24 Imperial Age
31:43 Bow Saw
32:05 Fortified Wall
33:00 Squires
32:45 Gambesons
32:22 Pikeman
hannibal
0:44 Loom
10:52 Feudal Age
13:11 Double-Bit Axe
17:32 Castle Age
15:35 Horse Collar
21:30 Fervor
25:31 Imperial Age
24:21 Bow Saw
24:10 Gold Mining
24:20 Gold Mining
25:59 Wheelbarrow
27:35 Stone Mining
29:13 Padded Archer Armor
29:52 Scale Barding Armor
29:58 Forging
33:31 Leather Archer Armor
34:36 Bloodlines
34:26 Husbandry
34:41 Heavy Plow
36:13 Conscription
38:18 Artillery
40:13 Gold Shaft Mining
42:45 Forging
42:55 Chain Barding Armor
43:27 Ring Archer Armor
KingArthur
10:38 Feudal Age
18:50 Castle Age
17:28 Double-Bit Axe
17:41 Gold Mining
27:24 Imperial Age
25:00 Husbandry
25:32 Stone Mining
26:43 Scale Barding Armor
26:51 Forging
27:55 Cavalier
29:45 Iron Casting
30:01 Chain Barding Armor
32:27 Blast Furnace
35:29 Plate Barding Armor
NeessQuiick
1:31 Loom
11:38 Feudal Age
16:12 Castle Age
14:02 Double-Bit Axe
14:20 Stone Mining
26:19 Bow Saw
29:51 Imperial Age
28:32 Wheelbarrow
28:18 Fletching
28:29 Padded Archer Armor
30:12 Ballistics
30:22 Ballistics
30:58 Gold Mining
31:36 Bloodlines
31:26 Husbandry
30:47 Light Cavalry
35:10 Bodkin Arrow
35:31 Leather Archer Armor
35:21 Scale Barding Armor
35:58 Forging
39:02 Iron Casting
43:18 Blast Furnace
42:19 Bracer
42:39 Chain Barding Armor
Jairzin
12:59 Feudal Age
13:35 Double-Bit Axe
13:33 Horse Collar
18:26 Castle Age
16:30 Stone Mining
19:39 Bow Saw
19:33 Heavy Plow
26:01 Loom
28:01 Wheelbarrow
27:55 Gold Mining
29:21 Gold Shaft Mining
29:26 Stone Shaft Mining
30:38 Hand Cart
33:50 Imperial Age
32:14 Forging
31:53 Town Watch
32:22 Scale Mail Armor
33:51 Iron Casting
34:17 Chain Mail Armor
33:54 Fletching
34:11 Elite Jaguar Warrior
35:12 Garland Wars
35:12 Conscription
34:58 Squires
34:44 Arson
36:14 Blast Furnace
35:53 Plate Mail Armor
35:50 Siege Engineers
37:17 Ballistics
36:48 Heated Shot
38:56 Crop Rotation
598477779
11:29 Feudal Age
15:11 Castle Age
13:24 Double-Bit Axe
14:37 Horse Collar
16:38 Bow Saw
16:44 Town Watch
19:34 Wheelbarrow
22:16 Loom
22:44 Heavy Plow
27:24 Imperial Age
24:55 Pikeman
25:36 Squires
25:37 Scale Mail Armor
25:47 Forging
26:39 Chain Mail Armor
27:14 Iron Casting
27:30 Capped Ram
27:33 Halberdier
29:28 Plate Mail Armor
29:58 Blast Furnace
30:45 Blast Furnace
30:07 Siege Ram
34:10 Siege Engineers
34:51 Hand Cart
34:29 Gold Mining
34:29 Stone Mining
38:10 Fletching
38:44 Town Patrol
38:58 Masonry
39:22 Crop Rotation
39:29 Gold Shaft Mining
38:45 Stone Mining
38:44 Heavy Scorpion
39:06 Heavy Scorpion
40:50 Chemistry
40:11 Ballistics
40:21 Architecture
40:27 Conscription
43:57 Bodkin Arrow
jimmi
0:36 Loom
13:17 Feudal Age
17:26 Castle Age
16:36 Horse Collar
16:45 Double-Bit Axe
18:41 Wheelbarrow
18:49 Fervor
23:12 Chemistry
25:07 Redemption
30:33 Imperial Age
29:54 Padded Archer Armor
29:45 Fletching
29:19 Pikeman
30:00 Squires
30:47 Leather Archer Armor
30:33 Scale Mail Armor
30:44 Forging
34:41 Halberdier
41:51 Light Cavalry
42:31 Husbandry
Connection lost

Rejoining the realm…

Still unreachable

The connection could not be restored.

Session expired

The server has moved on; the page needs a fresh start.